Map: Frozen Temple

Players

martin

  • Race: Protoss Protoss
  • League: Bronze

Gracz - Winner!

  • Race: Terran Terran
  • League: Bronze

VOD

Have the link to the VOD?

Description

Time

  • Played on: Sept. 10, 2016, 11:58 p.m.
  • Length: 24:27
Show
View Real Time Build Order
Export as new Build Order

martin Protoss 

Build Orders:  

Get SALT Encoding   

  12  0:03  Probe (Chrono Boost)  
  14  0:14  Probe (Chrono Boost)  
  14  0:24  Probe (Chrono Boost)  
  15  0:28  Pylon  
  15  0:36  Pylon  
  15  0:56  Gateway  
  15  1:04  Gateway  
  15  1:14  Gateway  
  15  1:32  Gateway  
  15  1:46  Probe (Chrono Boost)  
  16  1:57  Probe (Chrono Boost)  
  16  1:58  Zealot  
  16  1:59  Zealot  
  21  2:04  Zealot  
  23  2:20  Zealot  
  25  2:26  Probe (Chrono Boost)  
  26  2:34  Assimilator  
  26  2:39  Forge  
  26  2:43  Cybernetics Core  
  26  2:50  Assimilator  
  26  2:57  Pylon  
  26  3:01  Probe (Chrono Boost)  
  27  3:12  Probe (Chrono Boost)  
  28  3:18  Pylon  
  28  3:22  Probe (Chrono Boost)  
  28  3:24  Photon Cannon  
  26  3:39  Photon Cannon  
  21  4:20  Probe (Chrono Boost)  
  22  4:31  Probe (Chrono Boost)  
  23  4:34  Warp Gate  
  23  4:45  Adept  
  25  4:48  Adept  
  25  4:50  Zealot x2  
  31  4:57  Probe (Chrono Boost)  
  32  5:07  Probe (Chrono Boost)  
  33  5:18  Probe (Chrono Boost)  
  34  5:24  Nexus  
  34  5:38  Mothership Core (Chrono Boost)  
  36  5:58  Pylon  
  36  6:03  Pylon  
  36  6:10  Sentry, Stalker  
  40  6:11  Stalker  
  40  6:16  Zealot  
  44  6:22  Probe (Chrono Boost)  
  45  6:39  Photon Cannon  
  45  6:56  Twilight Council  
  45  7:09  Pylon  
  45  7:25  Pylon  
  45  7:37  Stargate  
  45  7:41  Probe (Chrono Boost)  
  46  7:52  Probe (Chrono Boost)  
  47  8:02  Probe (Chrono Boost)  
  48  8:06  Photon Cannon  
  48  8:13  Probe (Chrono Boost)  
  48  8:18  Photon Cannon  
  49  8:27  Dark Shrine  
  49  8:44  Fleet Beacon  
  49  8:55  Stargate  
  49  9:12  Robotics Facility  
  47  10:00  Dark Templar  
  41  10:07  Dark Templar  
  41  10:10  Dark Templar  
  45  10:14  Dark Templar  
  47  10:38  Observer  
  48  10:53  Photon Cannon  
  48  10:59  Warp Prism  
  48  11:01  Tempest  
  54  11:22  Assimilator  
  54  11:25  Assimilator  
  54  11:30  Photon Cannon  
  48  11:36  Stargate  
  48  11:46  Probe (Chrono Boost)  
  49  11:56  Probe (Chrono Boost)  
  49  12:17  Dark Templar  
  49  12:20  Dark Templar  
  53  12:24  Dark Templar  
  55  12:59  Probe (Chrono Boost)  
  56  13:10  Probe (Chrono Boost)  
  57  13:15  Dark Templar  
  59  13:20  Probe (Chrono Boost)  
  60  13:36  Observer  
  53  13:52  Tempest  
  57  13:58  Tempest  
  57  14:04  Dark Templar  
  57  14:06  Dark Templar  
  57  14:09  Dark Templar  
  62  14:31  Observer  
  63  14:44  Probe (Chrono Boost)  
  58  14:55  Probe (Chrono Boost)  
  59  15:00  Gateway  
  59  15:05  Stargate, Probe (Chrono Boost)  
  60  15:15  Stargate  
  60  15:16  Probe (Chrono Boost)  
  60  15:20  Stargate  
  61  15:26  Pylon, Probe (Chrono Boost)  
  61  15:49  Observer  
  62  16:01  Tempest x2  
  70  16:17  Stargate  
  70  16:26  Stargate  
  70  16:36  Tempest  
  73  16:55  Observer  
  80  17:44  Tempest  
  83  18:17  Tempest  
  85  18:51  Dark Templar  
  87  19:04  Observer  
  63  20:18  Tempest  
  54  20:22  Dark Templar  
  52  20:32  Tempest  
  55  21:30  Pylon  
  55  21:32  Pylon  
  55  21:38  Pylon  
  55  21:42  Pylon  
  55  21:57  Forge  
  55  22:05  Fleet Beacon  
  54  22:15  Nexus  
  32  22:43  Zealot  
  39  22:58  Pylon  
  35  23:04  Pylon  
  29  23:09  Pylon  
  16  23:13  Nexus  
  12  23:37  Gateway  
Show
View Real Time Build Order
Export as new Build Order

Gracz Terran - Winner!

Build Orders:  

Get SALT Encoding   

  12  0:01  SCV  
  13  0:14  SCV  
  14  0:19  Supply Depot  
  14  0:26  SCV  
  15  0:45  Barracks  
  15  1:13  Barracks  
  15  1:16  Refinery  
  15  1:17  SCV  
  16  1:21  Engineering Bay  
  16  1:30  SCV  
  17  1:42  SCV  
  18  1:54  SCV  
  19  2:01  Refinery  
  19  2:06  SCV  
  20  2:11  Reaper  
  21  2:20  Reaper  
  22  2:23  SCV  
  23  2:40  Supply Depot  
  23  3:01  SCV  
  23  4:16  Factory  
  22  4:19  Factory  
  22  4:23  Factory  
  22  4:26  Reaper x2  
  24  4:34  Orbital Command  
  24  4:39  Command Center  
  24  4:54  Building Armor  
  24  5:24  Factory Reactor x3  
  24  5:35  Supply Depot  
  24  5:42  Armory  
  24  5:46  Factory  
  24  5:50  Factory  
  24  6:06  Orbital Command  
  24  6:17  SCV  
  25  6:29  SCV, Factory Tech Lab  
  26  6:33  Factory Tech Lab, Widow Mine  
  26  6:34  Widow Mine x5  
  38  6:41  SCV  
  39  6:49  SCV  
  39  6:51  Refinery  
  39  6:53  Refinery, SCV  
  41  7:01  SCV  
  42  7:02  Widow Mine x3  
  42  7:04  Drilling Claws  
  42  7:05  SCV  
  49  7:13  SCV  
  50  7:17  Widow Mine x2  
  54  7:27  SCV, Widow Mine x2  
  54  7:28  Supply Depot  
  59  7:39  SCV, Widow Mine  
  62  7:46  Widow Mine x4  
  62  7:49  Widow Mine  
  62  7:50  Supply Depot  
  72  7:51  SCV  
  72  7:55  Widow Mine  
  75  8:03  SCV  
  76  8:12  Supply Depot  
  76  8:15  SCV  
  76  8:19  Command Center  
  77  8:31  Cyclone  
  81  8:34  Cyclone  
  81  8:35  Supply Depot  
  81  8:36  Marine x2  
  87  8:57  Supply Depot  
  87  9:04  Cyclone  
  91  9:19  Supply Depot  
  89  9:41  Supply Depot  
  87  10:04  Supply Depot  
  81  10:46  Barracks  
  81  10:52  Orbital Command  
  81  11:04  SCV x2  
  83  11:16  SCV x2  
  79  11:28  SCV x2  
  77  11:36  Barracks  
  77  11:40  SCV x2  
  79  11:52  SCV  
  79  11:53  SCV  
  79  11:56  Barracks Reactor  
  79  11:58  Barracks Reactor  
  79  11:59  Stimpack  
  79  12:03  Barracks  
  79  12:07  Starport  
  79  12:09  Starport  
  79  12:10  Engineering Bay  
  77  12:32  Refinery  
  77  12:34  SCV  
  77  12:35  Refinery  
  78  12:44  Barracks  
  78  12:47  Barracks Reactor, SCV  
  78  12:50  Barracks Reactor  
  79  12:52  Marine x5  
  84  12:59  Starport Reactor, Starport Tech Lab, SCV  
  84  13:02  Starport  
  85  13:10  Marine x5  
  85  13:11  SCV  
  91  13:24  Command Center  
  91  13:27  Marine  
  91  13:28  Marine  
  91  13:32  SCV  
  91  13:33  SCV x2  
  96  13:45  SCV x2  
  94  14:48  Marine x10  
  94  14:49  Combat Shields  
  94  14:51  Terran Infantry Armor Level 1, Terran Infantry Weapons Level 1  
  94  14:52  Starport Reactor  
  104  14:53  Medivac x3  
  110  15:06  Marine x10  
  120  15:08  Orbital Command  
  120  15:13  Refinery  
  120  15:14  Refinery  
  120  15:23  Medivac, Marine, Banshee  
  120  15:24  Marine x9  
  120  15:27  Widow Mine  
  120  15:28  Widow Mine x2  
  137  15:29  Widow Mine x2  
  143  15:41  Marine  
  143  15:42  Marine x6  
  146  15:51  Medivac  
  146  15:52  Medivac x2  
  146  15:53  Medivac  
  146  15:55  Marine x3  
  157  15:57  Widow Mine x4  
  157  15:58  Widow Mine x4  
  157  15:59  Marine x4  
  177  16:06  Banshee  
  176  16:26  Widow Mine x6  
  182  16:49  Banshee  
  185  17:32  Banshee  
  170  19:30  Terran Infantry Armor Level 2, Terran Infantry Weapons Level 2  
  114  22:04  Marine  
  114  22:05  Marine x7  
Tags
 
Add a new tag
Caveats
  • Supply blocks, unpowered buildings, or Contaminate may cause inaccurate times.
  • Supply counts are checked every 10 seconds.